 Dungeon Crawl Stone Soup version 0.31-a0-188-g5e087ee2ca (webtiles) character file.

Game seed: 4336995772356193681

56 qw the Shooter (level 3, -1/20 HPs)
             Began as a Deep Elf Hunter on June 23, 2023.
             Succumbed to their own poison gas
             ... on level 3 of the Dungeon.
             The game lasted 00:00:32 (2083 turns).

qw the Shooter (Deep Elf Hunter)                    Turns: 2083, Time: 00:00:33

Health: -1/20      AC:  8    Str: 10    XL:     3   Next: 69%
Magic:  5/5        EV: 12    Int: 13    God:
Gold:   121        SH:  0    Dex: 18    Spells: 2/2 levels left

rFire   . . .        a - +0 shortbow (heavy)
rCold   . . .        (shield currently unavailable)
rNeg    . . .        c - +0 leather armour
rPois   .            (no helmet)
rElec   .            h - +0 cloak
rCorr   .            f - +1 pair of gloves
SInv    .            g - +1 pair of boots
Will    .....        (no amulet)
Stlth   ++           (no ring)
HPRegen 0.23/turn    (no ring)
MPRegen 0.09/turn

%: no passive effects
@: lethally poisoned (-1 -> -6)
A: no striking features
a: no special abilities


You were on level 3 of the Dungeon.
You visited 1 branch of the dungeon, and saw 3 of its levels.

You collected 121 gold pieces.


   Skills:
 - Level 1.5 Fighting
 + Level 7.2 Ranged Weapons
 - Level 2.4 Dodging
 - Level 1.2 Stealth


You had 2 spell levels left.
You didn't know any spells.
Your spell library was empty.

Inventory:

Hand Weapons
 a - a +0 heavy shortbow (weapon)
Armour
 c - a +0 leather armour (worn)
 f - a +1 pair of gloves (worn)
 g - a +1 pair of boots (worn)
 h - a +0 cloak (worn)
Scrolls
 e - a scroll of identify
Potions
 b - a potion of curing {unknown}
 d - a potion of enlightenment {unknown}
 i - a potion of might {unknown}
 j - a potion of brilliance {unknown}

Dungeon Overview and Level Annotations

Branches:
Dungeon (3/15)

Altars:
Gozag
Wu Jian

Annotations:
D:3 3 runed translucent doors, qw's ghost, amateur DEHu


Message History

Enter note:
Enter note:
Enter note:
Enter note:
Enter note:
Enter note:
Enter note: Could not explore, unopened runed door.
2077 ||| READING scroll labelled ONOYFI QEAGGY.
The air fills with toxic fumes!
As you read the scroll labelled ONOYFI QEAGGY, it crumbles to dust.
It was a scroll of poison.
Could not explore, unopened runed door.
(D) Dungeon
Where to? (* - list waypoints, Enter - D:3, ? - help)
What level of the Dungeon? (default 1, ? - help) Sorry, I don't know how to get there.
Enter note:
Enter note:
Enter note:
Enter note:
Enter note:
Enter note:
Enter note:
Enter note:
Enter note: Really walk into that cloud of poison gas?
You are engulfed in poison gas.
You are poisoned.
You feel very sick.
The bullfrog gives a loud, deep croak!
2079 ||| Stepping ~*~*~tactically~*~*~ (cloud).
You feel very sick.
There is a lethal amount of poison in your body!
You feel very sick.
There is a lethal amount of poison in your body!
You feel sick.
There is a lethal amount of poison in your body!
You feel sick.
There is a lethal amount of poison in your body!
You die...

...##.....###..###...............
.#####.##.........#.#...^........
.# #...####.#..¤...............
.# ###.# #..##.0#.#............
.# #.###.####¤#####.%........ .#
#.##¤¤#¤¤¤##.8\##>........
.#######..#..¤¤¤¤#.$...#.........
........#...###¤¤+g...8#.........
.######..¤00¤0¤¤@+W_8$\#.........
.# ###¤¤###00¤+o.$$8##..#.##.. .#
####.# #¤¤¤#F$$..###.#.###. .##
###[...# ##¤¤##.8.## #.#.# ## ..#
#...##.# ######### #...# #
#.###.####.#### #.#####..####
#..##%........# #.....#.....#
##.#..........# #####....##.#
#...#........# ###..##.#


You could see a bullfrog, an orc wizard, qw's ghost and a hobgoblin.

Vanquished Creatures
  An adder (D:3)
  A dart slug (D:1)
  5 endoplasms
  2 giant cockroaches
  7 goblins
  7 hobgoblins
  4 jackals (D:2)
  A quokka (D:3)
  3 ball pythons
  2 frilled lizards
  2 kobolds (D:2)
  2 rats
37 creatures vanquished.

Notes
Turn   | Place    | Note
-------+----------+-------------------------------------------
     0 | D:1      | qw the Deep Elf Hunter began the quest for the Orb.
     0 | D:1      | Reached XP level 1. HP: 12/12 MP: 3/3
     0 | D:1      | 0 ||| qw: Version: 0.3-a-9-g12657ce
     0 | D:1      | 0 ||| qw: Game counter: 4355
     0 | D:1      | 0 ||| qw: Always use a shield: true
     0 | D:1      | 0 ||| qw: God list: Okawaru
     0 | D:1      | 0 ||| qw: Allow faded altars: false
     0 | D:1      | 0 ||| qw: Do Orc after D:15 true
     0 | D:1      | 0 ||| qw: Do second Lair branch before Depths: true
     0 | D:1      | 0 ||| qw: Lair rune preference: random
     0 | D:1      | 0 ||| qw: Plans: Normal
     0 | D:1      | 0 ||| PLANNING D:1-11
   261 | D:1      | Reached XP level 2. HP: 14/16 MP: 4/4
   372 | D:1      | Reached skill level 6 in Ranged Weapons
  1006 | D:1      | 1006 ||| UPGRADING to +1 pair of gloves.
  1011 | D:1      | 1011 ||| UPGRADING to +1 pair of boots.
  1016 | D:1      | 1016 ||| READING scroll labelled FUEPOG XIYTYTT.
  1017 | D:1      | 1017 ||| READING 2 scrolls labelled HID YSHISAPAON.
  1018 | D:1      | 1018 ||| READING scroll labelled EHO QISUMUM.
  1019 | D:1      | 1019 ||| READING scroll labelled HUSETAUNINA.
  1048 | D:1      | 1048 ||| READING scroll labelled FUPSER NOICZI.
  1049 | D:1      | 1049 ||| DROPPING scroll of butterflies.
  1050 | D:1      | 1050 ||| DROPPING scroll of amnesia.
  1239 | D:2      | HP: 4/16 [goblin/+0 club (1)]
  1399 | D:2      | Reached XP level 3. HP: 19/20 MP: 5/5
  1543 | D:2      | 1543 ||| UPGRADING to +0 cloak.
  1548 | D:2      | 1548 ||| READING scroll labelled ESMUEPIFUFIBOU.
  1549 | D:2      | 1549 ||| READING scroll labelled NUEGUT NINKOR.
  1599 | D:3      | Reached skill level 7 in Ranged Weapons
  1832 | D:3      | Found an opulent altar of Gozag.
  1834 | D:3      | Found a runed translucent gate.
  1834 | D:3      | Found a runed translucent gate.
  1917 | D:3      | Found a runed translucent gate.
  1919 | D:3      | Noticed a bullfrog
  1920 | D:3      | Noticed qw's ghost (amateur DEHu)
  2016 | D:3      | Found an ornate altar of the Wu Jian Council.
  2077 | D:3      | 2077 ||| READING scroll labelled ONOYFI QEAGGY.
  2079 | D:3      | 2079 ||| Stepping ~*~*~tactically~*~*~ (cloud).
  2080 | D:3      | HP: 3/20 [poisoned by you (poison gas)]
  2082 | D:3      | HP: 1/20 [poisoned by you (poison gas)]
  2083 | D:3      | Succumbed to their own poison gas

Levels and vault maps discovered:
D:1:      lemuel_arrival_hallway, layout_loops_corners, serial_forest,
          infiniplex_forest_clump_double, infiniplex_forest_clump_curved,
          infiniplex_forest_clump_small, infiniplex_forest_join,
          infiniplex_forest_lined_corner, infiniplex_forest_end_2,
          minmay_tromino_v7
D:2:      layout_rooms
D:3:      layout_rooms, lemuel_round_altar, ebering_ghost_gozag

Skill      XL: |  1  2  3 |
---------------+----------+-----
Ranged Weapons | 6 7 |  7.2
Fighting       | |  1.5
Dodging        | |  2.4
Stealth        | |  1.2

Action                     || total
---------------------------++-------
   Fire: Shortbow          ||    75
    Use: Scroll            ||     8
 Armour: Leather armour    ||    13
  Dodge: Dodged            ||    24

Table legend:
 A = Non-vault XP
 B = Vault XP
 C = Vault XP percentage of total XP
 D = Non-vault monster count
 E = Vault monster count
 F = Vault count percentage of total count
                 A         B        C        D         E       F
            +---------+---------+-------+---------+---------+-------
      Total |      76 |       4 |   5.0 |      34 |       3 |   8.1
            +---------+---------+-------+---------+---------+-------
        D:1 |      14 |       4 |  22.2 |       6 |       3 |  33.3
        D:2 |      28 |       0 |   0.0 |      16 |       0 |   0.0
        D:3 |      34 |       0 |   0.0 |      12 |       0 |   0.0
            +---------+---------+-------+---------+---------+-------
